 Dungeon Crawl Stone Soup version 0.30-a0-600-gb7c8574cbb (webtiles) character file.

Game seed: 9036767753631697645

139 Grim the Cudgeller (level 5, -4/45 HPs)
             Began as a Minotaur Monk on Jan 7, 2023.
             Killed from afar by Natasha (15 damage)
             ... with a bolt of light
             ... on level 3 of the Dungeon.
             The game lasted 00:06:33 (2354 turns).

Grim the Cudgeller (Minotaur Monk)                  Turns: 2354, Time: 00:06:34

Health: -4/45      AC:  7    Str: 16    XL:     5   Next: 1%
Magic:  4/4        EV: 10    Int:  7    God:
Gold:   110        SH:  0    Dex: 14    Spells: 4/4 levels left

rFire   . . .      SeeInvis .    a - +0 mace
rCold   + . .      Faith    .    (no shield)
rNeg    . . .      Spirit   .    f - +0 scale mail
rPois   .          Reflect  .    (helmet restricted)
rElec   .          Harm     .    u - scarf {repulsion}
rCorr   .          Rampage  .    (no gloves)
Will    .....                    n - +0 pair of boots Stlth
                                 (no amulet)
HPRegen 0.27/turn                r - ring of protection from cold
MPRegen 0.09/turn                (no ring)

@: slowed, repel missiles, very slow
A: horns 2, retaliatory headbutt
a: no special abilities


You were on level 3 of the Dungeon.
You visited 1 branch of the dungeon, and saw 3 of its levels.

You collected 110 gold pieces.

Inventory:

Hand Weapons
 a - a +0 mace (weapon)
 t - a +0 flail
Missiles
 i - 4 poisoned darts (quivered)
Armour
 b - a +0 robe
 f - a +0 scale mail (worn)
 l - a +0 tower shield
 n - a +0 pair of boots (worn)
 u - a scarf of repulsion (worn)
Jewellery
 r - a ring of protection from cold (left hand)
Scrolls
 d - a scroll of poison {unknown}
 h - a scroll of summoning {unknown}
 k - 2 scrolls of identify {unknown}
 m - a scroll of blinking {unknown}
 o - a scroll of teleportation {unknown}
 p - a scroll of vulnerability {unknown}
 s - a scroll of magic mapping
Potions
 c - a potion of ambrosia
 e - a potion of curing {unknown}
 g - 2 potions of brilliance {unknown}
 j - a potion of cancellation {unknown}
 q - 2 potions of heal wounds {unknown}


   Skills:
 - Level 3.6 Fighting
 + Level 6.9 Maces & Flails
 - Level 3.2 Dodging
 - Level 1.5 Stealth


You had 4 spell levels left.
You didn't know any spells.
Your spell library contained the following spells:

 Spells                   Type           Power      Damage    Failure   Level
 Shock                    Conj/Air       0%         1d3       87%         1
 Swiftness                Air            0%         N/A       99%         3
 Airstrike                Air            0%         2d(0-16)  100%        4


Dungeon Overview and Level Annotations

Branches:
Dungeon (3/15)

Altars:
Okawaru

Annotations:
D:3 Natasha


Innate Abilities, Weirdness & Mutations

You have a pair of horns on your head.
You reflexively headbutt those who attack you in melee.


Message History

You bump into the tree.
You feel less confused.
Natasha stares at you and mumbles some strange words.
You feel yourself slow down.
Natasha stares at you and mumbles some strange words.
The magic dart hits you!
* * * LOW HITPOINT WARNING * * *
Natasha casts a spell at you.
You feel as though you will be slow longer.
Throw: 6 darts (poison)
Press: ? - help, Q - select action Shift-Dir - straight line, f - Natasha
Aim: Natasha, carrying a wand of light (7) (51% to hit)
You throw a poisoned dart.
The poisoned dart closely misses Natasha.
Throw: 5 darts (poison)
Press: ? - help, Q - select action Shift-Dir - straight line, f/p - Natasha
Aim: Natasha, carrying a wand of light (7) (51% to hit)
You throw a poisoned dart.
The poisoned dart barely misses Natasha.
Natasha claws you but does no damage. x2
You hit Natasha but do no damage. Natasha barely misses you.
You thump Natasha!
Natasha is heavily wounded.
Natasha zaps a wand.
The bolt of light hits you.
You are confused.
* * * LOW HITPOINT WARNING * * *
Natasha claws you.
* * * LOW HITPOINT WARNING * * *
Unknown command.
Natasha claws you!
* * * LOW HITPOINT WARNING * * *
Unknown command.
You feel less confused.
Natasha casts a spell.
You hit Natasha. You headbutt Natasha, but do no damage.
Natasha is heavily wounded.
Natasha stares at you and mumbles some strange words.
You resist with some effort. The shadow imp closely misses you.
Natasha zaps a wand.
The bolt of light hits you!
You die...

############
#...5......##
#..h@.......#
#.#.♣.♣.#.#.#
#.........#.#
#.♣.♣.♣.♣.#.#
#...._....#.####
#.♣.♣.♣.♣[.....# ###
#..............###.#
#.#(♣.♣.#.........(#
#...............##.#


You could see Natasha and a shadow imp (summoned).

Vanquished Creatures
  3 adders (D:2)
  4 gnolls (D:2)
  A dart slug (D:2)
  2 orcs
  8 bats
  4 endoplasms
  5 giant cockroaches
  6 goblins
  4 hobgoblins
  8 jackals (D:1)
  2 quokkas (D:2)
  A ball python (D:1)
  4 frilled lizards
  9 kobolds
  7 rats
68 creatures vanquished.

Notes
Turn   | Place    | Note
-------+----------+-------------------------------------------
     0 | D:1      | Grim the Minotaur Monk began the quest for the Orb.
     0 | D:1      | Reached XP level 1. HP: 19/19 MP: 0/0
    90 | D:1      | Reached skill level 4 in Maces & Flails
   129 | D:1      | Found a faded altar of an unknown god.
   188 | D:1      | Reached XP level 2. HP: 25/26 MP: 1/1
   541 | D:1      | Reached skill level 5 in Maces & Flails
   580 | D:1      | Reached XP level 3. HP: 25/31 MP: 2/2
  1082 | D:2      | Reached skill level 6 in Maces & Flails
  1082 | D:2      | Reached XP level 4. HP: 28/39 MP: 3/3
  2067 | D:3      | Noticed Natasha
  2313 | D:3      | Reached XP level 5. HP: 45/45 MP: 4/4
  2323 | D:3      | Found an iron altar of Okawaru.
  2354 | D:3      | Killed from afar by Natasha

Illustrated notes

Levels and vault maps discovered:
D:1:      minmay_arrival_jagged, layout_rooms,
          shapermc_ecumenical_altar_starsandcircs
D:2:      minmay_razor_zed, layout_loops_corners
D:3:      layout_rooms, okawaru_trees_1, uniq_natasha, uniq_jessica

Skill      XL: |  1  2  3 |
---------------+----------+-----
Maces & Flails | 4 5 6 |  6.9
Fighting       | |  3.6
Dodging        | |  3.2
Stealth        | |  1.5

Action                   |  1- 3 |  4- 6 || total
-------------------------+-------+-------++-------
Melee: Mace              |    84 |    58 ||   142
       Headbutt          |     9 |     8 ||    17
       Punch             |     1 |       ||     1
Throw: Dart              |       |     3 ||     3
  Use: Scroll            |       |     1 ||     1
 Stab: Sleeping          |     2 |       ||     2
Armor: Robe              |    16 |       ||    16
       Scale mail        |     4 |    25 ||    29
Dodge: Dodged            |    62 |    40 ||   102

Table legend: (Time is in decaauts)
 A = Elapsed time spent in this place.
 B = Non-inter-level travel time spent in this place.
 C = Inter-level travel time spent in this place.
 D = Time resting spent in this place.
 E = Time spent auto-exploring this place.
 F = Levels seen in this place.
 G = Mean time per level.
                   A        B        C        D        E       F      G
               +--------+--------+--------+--------+--------+-----+--------+
         Total |   2378 |   2339 |     39 |    370 |   1413 |   3 |  792.7 |
       Dungeon |   2378 |   2339 |     39 |    370 |   1413 |   3 |  792.7 |
               +--------+--------+--------+--------+--------+-----+--------+

Top non-repeatable levels by time:
     D:2: 1366 daAuts
     D:1: 788 daAuts
     D:3: 222 daAuts
